 Dungeon Sprint DCSS version 0.30-a0-359-gd0147acb1a (webtiles) character file.

Game seed: 3273479447389766468

666 rocky1 the Blocker (level 7, -5/61 HPs)
             Began as a Formicid Fighter on Nov 12, 2022.
             Was an Initiate of Gozag.
             Slain by a human
             ... wielding a +0 rapier
              (14 damage)
             ... in the Dungeon (Sprint III: "The Ten Rune Challenge").
             The game lasted 00:02:50 (503 turns).

rocky1 the Blocker (Formicid Fighter)                Turns: 503, Time: 00:02:51

Health: -5/61      AC:  8    Str: 22    XL:     7   Next: 88%
Magic:  7/7        EV: 13    Int:  8    God:    Gozag
Gold:   330        SH:  7    Dex: 19    Spells: 6/6 levels left

rFire   . . .      SeeInvis +    a - +0 flail
rCold   . . .      Faith    .    c - +0 buckler
rNeg    . . .      Spirit   .    h - +0 scale mail
rPois   .          Reflect  .    (helmet unavailable)
rElec   .          Harm     .    (no cloak)
rCorr   .          Rampage  .    (no gloves)
Will    .....                    (no boots)
Stlth   ..........               (no amulet)
HPRegen 0.30/turn                j - +6 ring of dexterity
MPRegen 0.10/turn                (no ring)

@: gold aura
A: permanent stasis, dig shafts and tunnels, antennae 3, four strong arms
a: Dig, Renounce Religion, Potion Petition, Call Merchant, Bribe Branch


You were in the Dungeon.
You worshipped Gozag.
Gozag was aware of your devotion.
You visited 1 branch You collected 330 gold pieces.

Inventory:

Hand Weapons
 a - a +0 flail (weapon)
 b - a +0 sling
Armour
 c - a +0 buckler (worn)
 h - a +0 scale mail (worn)
Jewellery
 j - a +6 ring of dexterity (left hand)
Scrolls
 k - a scroll of immolation {unknown}
 l - 2 scrolls of identify {unknown}
 n - a scroll of poison {unknown}
Potions
 g - 3 potions of magic
 i - 4 potions of mutation {unknown}
 m - 3 potions of flight
Miscellaneous
 d - a condenser vane


   Skills:
 + Level 7.9 Fighting
 + Level 6.8 Maces & Flails
 - Level 5.5 Ranged Weapons
 + Level 7.9 Armour
 + Level 5.8 Dodging
 + Level 9.4 Shields
 + Level 3.1 Evocations


You had 6 spell levels left.
You didn't know any spells.
Your spell library contained the following spells:

 Spells                   Type           Power      Damage    Failure   Level
 Frozen Ramparts          Ice            0%         1d1       98%         3
 Ice Form                 Ice/Tmut       0%         N/A       100%        4
 Summon Ice Beast         Ice/Summ       0%         N/A       100%        4


Dungeon Overview and Level Annotations

Branches:
Dungeon (1/1)

Altars:
Cheibriados
Dithmenos
Fedhas
Gozag
Hepliaklqana
Kikubaaqudgha
Makhleb
Nemelex Xobeh
Okawaru
Qazlal
Ru
Sif Muna
Trog
Uskayaw
Vehumet
Wu Jian
Xom
Yredelemnul
Jiyva
Lugonu


Innate Abilities, Weirdness & Mutations

You cannot be hasted, slowed, berserked, paralysed or teleported.
You can dig through walls and to a lower floor.
You have a pair of large antennae on your head. (SInv)
Your four strong arms can wield two-handed weapons with a shield.


Message History

The human is almost dead.
The human barely misses you. You block the human's attack.
You sock the human!
You kill the human!
The human misses you. You block the human's attack.
Your Evocations skill gained 2 levels and is now at level 3!
Unknown command.
You sock the human!
The human is moderately wounded.
You block the human's attack.
You barely miss the human.
The human is moderately wounded.
The human hits you with a +0 rapier! The human hits you with a +0 rapier.
You closely miss the human.
The human is moderately wounded.
The human hits you with a +0 rapier!
* * * LOW HITPOINT WARNING * * *
The human barely misses you.
You closely miss the human.
The human is moderately wounded.
The human hits you with a +0 rapier.
* * * LOW HITPOINT WARNING * * *
The human barely misses you.
You feel much better. The human hits you with a +0 rapier!
Unknown command.
You hit the human.
The human is moderately wounded.
The human closely misses you. You block the human's attack.
You sock the human!
The human is severely wounded.
The human hits you with a +0 rapier!
* * * LOW HITPOINT WARNING * * *
You hit the human but do no damage.
The human is severely wounded.
The human completely misses you. The human hits you with a +0 rapier!
* * * LOW HITPOINT WARNING * * *
Unknown command.
You feel better. The human hits you with a +0 rapier!
You die...
Your body crumbles into a pile of gold. ▓ ▓▓▓ #### ##.# ########$$$$ $ $ $ ...#####..# #___#__#$$ $$$$$ ....#..#..#{ #__ #._# {{{ #......#..###+#p###)##$ {{{ $ ##†.##'#..#....$@....# ${{{

##..###...'.⌠........#$$
$ $ $ #..##
#...#...######'#$$ $ $ $
#..# #....#)⌠.#__#...#
...##.....#...#__#...#
...#......#'###__#...#
.##.#.....#)..#__#...+ .
####....#___#__'...# {
▓▓▓▓▓▓▓▓▓▓▓▓▓▓▓▓▓


You could see a human (berserk).

Vanquished Creatures
  A shadow (D)
  A spatial vortex (D)
  A necrophage (D)
  A water elemental (D)
  A jelly (D)
  Jessica (D)
  A necromancer (D)
  A wizard (D)
  2 humans (D)
  A kobold demonologist (D)
  A phantom (D)
  2 endoplasms (D)
  A rat (D)
15 creatures vanquished.

Notes
Turn   | Place    | Note
-------+----------+-------------------------------------------
     0 | D        | rocky1 the Formicid Fighter began the quest for the Orb.
     0 | D        | Reached XP level 1. HP: 18/18 MP: 1/1
    30 | D        | Noticed Jessica
    37 | D        | Killed Jessica
    38 | D        | Reached skill level 1 in Ranged Weapons
    38 | D        | Reached skill level 1 in Dodging
    38 | D        | Reached skill level 5 in Shields
    38 | D        | Reached XP level 2. HP: 19/26 MP: 2/2
    38 | D        | Reached XP level 3. HP: 23/31 MP: 3/3
   233 | D        | Reached XP level 4. HP: 38/38 MP: 4/4
   336 | D        | Noticed a water elemental
   339 | D        | Killed a water elemental
   340 | D        | Reached skill level 5 in Fighting
   340 | D        | Reached skill level 5 in Armour
   340 | D        | Reached skill level 6 in Shields
   340 | D        | Reached XP level 5. HP: 41/44 MP: 5/5
   359 | D        | Noticed a shadow
   363 | D        | Killed a shadow
   364 | D        | Reached skill level 5 in Maces & Flails
   364 | D        | Reached skill level 8 in Shields
   364 | D        | Reached XP level 6. HP: 52/53 MP: 6/6
   369 | D        | Found a blossoming altar of Fedhas.
   369 | D        | Found a stormy altar of Qazlal.
   369 | D        | Found a snail-covered altar of Cheibriados.
   369 | D        | Found a burning altar of Makhleb.
   369 | D        | Found a shimmering altar of Xom.
   369 | D        | Noticed a spatial vortex
   370 | D        | Found a hazy altar of Hepliaklqana.
   370 | D        | Found an opulent altar of Gozag.
   370 | D        | Found a sparkling altar of Nemelex Xobeh.
   370 | D        | Found a corrupted altar of Lugonu.
   370 | D        | Found a viscous altar of Jiyva.
   375 | D        | Became a worshipper of Gozag Ym Sagoz the Greedy
   380 | D        | Killed a spatial vortex
   381 | D        | Reached skill level 5 in Ranged Weapons
   381 | D        | Reached skill level 5 in Dodging
   381 | D        | Reached XP level 7. HP: 60/60 MP: 7/7
   400 | D        | Found a basalt altar of Yredelemnul.
   400 | D        | Found a shadowy altar of Dithmenos.
   400 | D        | Found a sacrificial altar of Ru.
   405 | D        | Reached skill level 1 in Evocations
   427 | D        | Found a radiant altar of Vehumet.
   427 | D        | Found a shimmering blue altar of Sif Muna.
   427 | D        | Found an ancient bone altar of Kikubaaqudgha.
   433 | D        | Reached skill level 9 in Shields
   484 | D        | Found a hide-covered altar of Uskayaw.
   484 | D        | Found an iron altar of Okawaru.
   484 | D        | Found a bloodstained altar of Trog.
   484 | D        | Found an ornate altar of the Wu Jian Council.
   484 | D        | Noticed a human
   486 | D        | Noticed a human
   494 | D        | Killed a human
   502 | D        | HP: 1/61 [human/+0 rapier (11)]
   503 | D        | Slain by a human

Illustrated notes

Levels and vault maps discovered:
D:        dungeon_sprint_mu [sprint_mu_entry_cave, sprint_mu_temple_rooms,
          sprint_mu_d1_horrors, sprint_mu_d2_genie, sprint_mu_d3_branching,
          sprint_mu_orc_legion, sprint_mu_elf_gauntlet, sprint_mu_hive_nellie,
          sprint_mu_lair_fedhas, sprint_mu_vaults_butterflies,
          sprint_mu_slime_circle, sprint_mu_shoals_archi,
          sprint_mu_snake_twists, sprint_mu_blade_basic,
          sprint_mu_crypt_fortress, sprint_mu_tomb_spiral,
          sprint_mu_vestibule_basic, sprint_mu_gehenna_hellfire,
          sprint_mu_dis_giant, sprint_mu_tartarus_statrot,
          sprint_mu_cocytus_islands, sprint_mu_zot1]

Skill      XL: |  1  2  3  4  5  6  7 |
---------------+----------------------+-----
Fighting       | 4 5 6 7 |  7.9
Maces & Flails | 3 4 5 6 |  6.8
Ranged Weapons | 1 2 3 4 5 |  5.5
Armour         | 4 5 6 7 |  7.9
Dodging        | 1 2 4 5 |  5.8
Shields        | 5 6 8 9 |  9.4
Evocations     | 3 |  3.1

Action                   |  1- 3 |  4- 6 |  7- 9 || total
-------------------------+-------+-------+-------++-------
Melee: Flail             |    20 |    14 |    34 ||    68
 Fire: Sling             |     4 |       |       ||     4
 Abil: Dig               |     3 |       |       ||     3
  Use: Potion            |       |     1 |     2 ||     3
Armor: Scale mail        |     5 |     1 |     3 ||     9
Dodge: Dodged            |     6 |     2 |    13 ||    21
Block: Buckler           |     3 |     3 |    11 ||    17

Table legend: (Time is in decaauts)
 A = Elapsed time spent in this place.
 B = Non-inter-level travel time spent in this place.
 C = Inter-level travel time spent in this place.
 D = Time resting spent in this place.
 E = Time spent auto-exploring this place.
 F = Levels seen in this place.
 G = Mean time per level.
                   A        B        C        D        E       F      G
               +--------+--------+--------+--------+--------+-----+--------+
         Total |    514 |    514 |      0 |    254 |      0 |   1 |  514.0 |
       Dungeon |    514 |    514 |      0 |    254 |      0 |   1 |  514.0 |
               +--------+--------+--------+--------+--------+-----+--------+

Top non-repeatable levels by time:
       D: 514 daAuts
